 Dungeon Crawl Stone Soup version 0.25-a0-578-gc91f01c39c (webtiles) character file.

Game seed: 9592433759945317260, levelgen mode: deterministic

129 Esekla the Ducker (level 4, -6/21 HPs)
             Began as a Spriggan Artificer on Mar 5, 2020.
             Killed by divine providence
             ... invoked by an orc priest
              (16 damage)
             ... on level 4 of the Dungeon.
             The game lasted 00:18:56 (2985 turns).

Esekla the Ducker (Spriggan Artificer)              Turns: 2985, Time: 00:18:56

Health: -6/21      AC:  2    Str:  8    XL:     4   Next: 88%
Magic:  8/8        EV: 20    Int: 12    God:
Gold:   127        SH:  0    Dex: 17    Spells: 3/3 levels left

rFire    . . .     SeeInvis +   a - +0 short sword
rCold    . . .     Gourm    .   (shield restricted)
rNeg     . . .     Faith    .   b - +0 robe
rPois    .         Spirit   .   (helmet restricted)
rElec    .         Reflect  .   (no cloak)
rCorr    .         Harm     .   (gloves unavailable)
MR       .....                  (boots unavailable)
Stlth    ++........             (no amulet)
HPRegen  0.07/turn              (no ring)
MPRegen  0.11/turn              (no ring)

@: very quick
A: very small, unfitting armour, see invisible, herbivore, speed 3, slow
metabolism 2
a: no special abilities


You were on level 4 of the Dungeon.
You were not hungry.

You visited 2 branches of the dungeon, and saw 5 of its levels.

You collected 127 gold pieces.

Inventory:

Hand Weapons
 a - a +0 short sword (weapon)
Armour
 b - a +0 robe (worn)
Wands
 c - a wand of flame (15)
 d - a wand of enslavement (15)
 e - a wand of random effects (13)
Scrolls
 g - a scroll of blinking {unknown}
 l - a scroll of fog {unknown}
 m - 2 scrolls of teleportation {unknown}
 n - 2 scrolls of identify
 o - 5 scrolls of remove curse {unknown}
 s - 2 scrolls of enchant weapon {unknown}
Potions
 h - a potion of magic {unknown}
 j - a potion of might
 k - 2 potions of degeneration
 r - a potion of resistance {unknown}
Comestibles
 f - 7 rations


   Skills:
 - Level 0.7 Fighting
 * Level 3.9 Short Blades
 * Level 4.9 Dodging
 + Level 2.9 Stealth
 - Level 4.0 Evocations


You had 3 spell levels left.
You didn't know any spells.
Your spell library was empty.

Dungeon Overview and Level Annotations

Branches:
Dungeon (4/15)             Temple (1/1) D:4

Altars:
Ashenzari
Dithmenos
Gozag
Kikubaaqudgha
Nemelex Xobeh
Sif Muna
Trog
Uskayaw
Wu Jian
Xom
Yredelemnul
Zin

Annotations:
D:3 1 runed translucent door, Wiebster667's ghost, amateur CeHu


Innate Abilities, Weirdness & Mutations

You are very small and have problems with some larger weapons.
You are too small for most types of armour.
You have supernaturally acute eyesight. (SInv)
You are a herbivore.
You cover ground extremely quickly.
You need to consume almost no food.


Message History

The phantom blinks!
The orc wizard shouts!
You hit the orc priest but do no damage.
The orc priest closely misses you.
You hit the orc priest but do no damage.
The phantom blinks!
The orc priest closely misses you.
You hit the orc priest but do no damage.
The orc priest barely misses you.
You hit the orc priest but do no damage.
The orc priest hits you with a +0 trident!
You barely miss the orc priest.
The orc wizard mumbles some strange words.
The orc wizard blinks!
You hit the orc priest but do no damage.
The orc priest barely misses you.
You completely miss the orc priest.
The orc priest mumbles some strange prayers to Beogh against you.
Beogh smites you!
Ouch! That really hurt!
You die...

#..[#######. #..<........
#..#.#########################
#..#..........................
####..#.####.####.####.####.####.
...#..#.#..'.'..#.#..'.o..#.# #.
......#.#..#.#..#.#..#.#..#.# #.
##.#..#.#'##.#W##.#'##.#'##.#+##.
##.#..#.........@o§..............
......#.#'##.#'##.#'##.#'##.#+##.
###...#.#..#.#..#.#..#.# #.# #.
.....<#.#..#.#†.'.'..#.# +.+ #.
###...#.####.####o####.####.####.
####..#.. .§. ... .........
...<..############# ########.
≈.................#############..
≈.....###########................


You could see a phantom, an orc priest and an orc wizard.

Vanquished Creatures
  A worker ant (D:3)
  Natasha (D:2)
  2 adders
  An ooze (D:3)
  A worm (D:1)
  2 dart slugs
  4 leopard geckos
  5 orcs
  5 bats
  2 giant cockroaches
  3 goblins
  5 hobgoblins
  4 jackals (D:3)
  4 kobolds
  A frilled lizard (D:4)
  3 rats (D:3)
44 creatures vanquished.

Notes
Turn   | Place    | Note
-------+----------+-------------------------------------------
     0 | D:1      | Esekla the Spriggan Artificer began the quest for the Orb.
     0 | D:1      | Reached XP level 1. HP: 9/9 MP: 4/4
   260 | D:1      | Reached XP level 2. HP: 14/14 MP: 6/6
   367 | D:2      | Noticed Natasha
   482 | D:2      | Noticed a crimson imp
   488 | D:2      | Killed Natasha
   488 | D:2      | Reached XP level 3. HP: 16/17 MP: 7/7
   489 | D:2      | Found a shadowy altar of Dithmenos.
  1744 | D:4      | Found a sparkling altar of Nemelex Xobeh.
  1876 | D:3      | Found a runed translucent door.
  1878 | D:3      | Reached XP level 4. HP: 21/21 MP: 8/8
  1881 | D:3      | Noticed Wiebster667's ghost (amateur CeHu)
  2048 | D:4      | HP: 1/21 [adder (2)]
  2082 | D:4      | HP: 1/21 [poisoned by an adder]
  2089 | D:4      | HP: 1/21 [poisoned by an adder]
  2093 | D:4      | Noticed an ogre
  2674 | D:4      | Noticed a phantom
  2790 | D:4      | Found a staircase to the Ecumenical Temple.
  2799 | Temple   | Entered the Ecumenical Temple
  2985 | D:4      | Killed from afar by an orc priest

Levels and vault maps discovered:
D:1:      lightli_arrival_flooded_house, layout_basic
D:2:      layout_rooms, nicolae_dithmenos_through_a_glass_darkly, first_ration,
          uniq_natasha
D:3:      layout_basic, ebering_ghost_sewer_f,
          chequers_ecumenical_altar_simple_redux, uniq_sigmund
D:4:      minmay_door_path, layout_basic, nemelex_xobeh_ov_fountains_minmay,
          lemuel_temple_firewalk_b, minivault_14
Temple:   zaba_magenta_temple

Skill      XL: |  1  2  3 |
---------------+----------+-----
Stealth        | 2 |  2.9
Short Blades   | 2 3 |  3.9
Dodging        | 4 |  4.9
Fighting       | |  0.7
Evocations     | |  4.0

Action                   |  1- 3 |  4- 6 || total
-------------------------+-------+-------++-------
Melee: Short sword       |   150 |    89 ||   239
Evoke: Wand              |     2 |       ||     2
  Use: Scroll            |     2 |       ||     2
       Potion            |       |     6 ||     6
 Stab: Sleeping          |     4 |     4 ||     8
       Paralysed         |     3 |       ||     3
Armor: Robe              |     9 |     8 ||    17
Dodge: Dodged            |   142 |    66 ||   208

Table legend:
 A = Non-vault XP
 B = Vault XP
 C = Vault XP percentage of total XP
 D = Non-vault monster count
 E = Vault monster count
 F = Vault count percentage of total count
                 A         B        C        D         E       F
            +---------+---------+-------+---------+---------+-------
      Total |     145 |      40 |  21.6 |      41 |       3 |   6.8
            +---------+---------+-------+---------+---------+-------
        D:1 |      31 |       0 |   0.0 |      12 |       0 |   0.0
        D:2 |      13 |      33 |  71.7 |       7 |       1 |  12.5
        D:3 |      81 |       0 |   0.0 |      18 |       0 |   0.0
        D:4 |      20 |       7 |  25.9 |       4 |       2 |  33.3
            +---------+---------+-------+---------+---------+-------
